 Dungeon Crawl Stone Soup version 0.32-a0-886-g41c5271027 (webtiles) character file.

Game seed: 8694113758761715723

67 OSaftLP the Chopper (level 3, 0/51 HPs)
             Began as a Minotaur Berserker on Apr 2, 2024.
             Was a Believer of Trog.
             Slain by an adder (1 damage)
             ... on level 2 of the Dungeon.
             The game lasted 00:02:13 (719 turns).

OSaftLP the Chopper (Minotaur Berserker)             Turns: 719, Time: 00:02:14

Health: 0/51       AC:  5    Str: 23      XL:     3   Next: 98%
Magic:  2/2        EV: 10    Int:  2 (4)  God:    Trog [**....]
Gold:   76         SH:  0    Dex:  7 (9)  Spells: 2/2 levels left

rFire   . . .        a - +0 hand axe
rCold   . . .        (no shield)
rNeg    . . .        c - +0 ring mail
rPois   .            (helmet restricted)
rElec   .            (no cloak)
rCorr   .            (no gloves)
SInv    .            (no boots)
Will    .....        (no amulet) Stlth
                     (no ring)
HPRegen 0.28/turn    (no ring)
MPRegen 0.08/turn

%: no passive effects
@: berserking, lethally poisoned (0 -> -3), very quick
A: horns 2, retaliatory headbutt
a: Renounce Religion, Berserk, Trog's Hand


You were on level 2 of the Dungeon.
You worshipped Trog.
Trog was pleased with you.
You visited 1 branch of the dungeon, and saw 2 of its levels.

You collected 76 gold pieces.

Inventory:

Hand Weapons
 a - a +0 hand axe (weapon)
Armour
 c - a +0 ring mail (worn)
Wands
 d - a wand of warping (7)
Potions
 b - a potion of curing


   Skills:
 + Level 4.6 Fighting
 + Level 4.7 Axes
 + Level 2.7 Armour
 + Level 2.5 Dodging


You had 2 spell levels left.
You didn't know any spells.
Your spell library was empty.

Dungeon Overview and Level Annotations

Branches:
Dungeon (2/15)

Altars:


Innate Abilities, Weirdness & Mutations

You have a pair of horns on your head.
You reflexively headbutt those who attack you in melee.


Message History

You completely miss the ball python. The adder bites you but does no damage.
The ball python bites you.
* * * LOW HITPOINT WARNING * * *
The ball python constricts you.
* * * LOW HITPOINT WARNING * * *
The adder bites you.
* * * LOW HITPOINT WARNING * * *
A red film seems to cover your vision as you go berserk!
You feel yourself moving faster!
You feel mighty! The adder bites you.
* * * LOW HITPOINT WARNING * * *
You are poisoned.
The adder poisons you!
The ball python bites you but does no damage.
The ball python constricts you. The adder bites you.
* * * LOW HITPOINT WARNING * * *
The adder bites you.
* * * LOW HITPOINT WARNING * * *
The ball python bites you but does no damage.
The ball python constricts you.
* * * LOW HITPOINT WARNING * * *
You are too berserk!
Okay, then.
You closely miss the adder. x2; You slash the ball python!
You kill the ball python!
Trog accepts your kill.
* * * LOW HITPOINT WARNING * * *
You feel sick. The adder bites you but does no damage.
The adder closely misses you.
Unknown command.
You barely miss the adder.
The adder is lightly wounded.
You hit the adder. The adder bites you but does no damage.
The adder closely misses you. You furiously retaliate!
You headbutt the adder!!
You kill the adder!
Trog accepts your kill.
You feel your dexterity returning.
You closely miss the adder.
* * * LOW HITPOINT WARNING * * *
You feel sick. The adder bites you.
You die...

###.# #.# #
#.###.####.#..#
###...#......##.##
##.....#######...#
.........# #...#
##.....#.# #...#
#....##.# #...# #####
#.#..##)#####...#......
#.#..##......$.@S....#
#..........>...†.....#
####.###.......=.....#
#...#####.#...#.##.#
#..... #.#...#...... #
... #.......##.## #.#
#.......##.#
###.######.......##.##
. ###...............
#)..###...


You could see an adder.

Vanquished Creatures
  Jessica (D:2)
  An adder (D:2)
  A dart slug (D:1)
  4 ball pythons
  3 bats
  3 endoplasms
  4 giant cockroaches
  2 goblins (D:1)
  4 hobgoblins
  2 kobolds
  A rat (D:2)
26 creatures vanquished.

Notes
Turn   | Place    | Note
-------+----------+-------------------------------------------
     0 | D:1      | OSaftLP the Minotaur Berserker began the quest for the Orb.
     0 | D:1      | Reached XP level 1. HP: 19/19 MP: 0/0
    32 | D:1      | You fall into a shaft and drop 1 floor!
   170 | D:1      | Reached XP level 2. HP: 24/27 MP: 1/1
   605 | D:2      | Reached ** piety under Trog
   606 | D:2      | Reached XP level 3. HP: 18/33 MP: 2/2
   687 | D:2      | Noticed Jessica
   692 | D:2      | Killed Jessica
   717 | D:2      | HP: 2/51 [poisoned by an adder]
   719 | D:2      | Slain by an adder

Illustrated notes

Levels and vault maps discovered:
D:1:      lemuel_arrival_funnel, layout_basic, corexii_corridor_pit
D:2:      layout_loops_cross, kennysheep_generic_room_3, uniq_jessica,
          uniq_natasha

Skill      XL: |  1  2 |
---------------+-------+-----
Axes           | 4 |  4.7
Fighting       | 4 |  4.6
Armour         | |  2.7
Dodging        | |  2.5

Action                     || total
---------------------------++-------
  Melee: Hand axe          ||    60
         Headbutt          ||    10
 Invoke: Berserk           ||     1
    Use: Potion            ||     3
 Armour: Animal skin       ||     3
         Leather armour    ||     7
         Ring mail         ||    40
  Dodge: Dodged            ||    26

Table legend: (Time is in decaauts)
 A = Elapsed time spent in this place.
 B = Non-inter-level travel time spent in this place.
 C = Inter-level travel time spent in this place.
 D = Time resting spent in this place.
 E = Time spent auto-exploring this place.
 F = Levels seen in this place.
 G = Mean time per level.
                   A        B        C        D        E       F      G
               +--------+--------+--------+--------+--------+-----+--------+
         Total |    724 |    686 |     38 |      0 |    446 |   2 |  362.0 |
       Dungeon |    724 |    686 |     38 |      0 |    446 |   2 |  362.0 |
               +--------+--------+--------+--------+--------+-----+--------+

Top non-repeatable levels by time:
     D:1: 488 daAuts
     D:2: 235 daAuts
